 Dungeon Crawl Stone Soup version 0.17.0-28-g6e173f8 (webtiles) character file.

235 gorblad the Nimble (level 5, -2/25 HPs)
             Began as a Spriggan Assassin on Dec 3, 2015.
             Was a Follower of Dithmenos.
             Killed by divine providence
             ... invoked by an orc priest
              (13 damage)
             ... on level 3 of the Dungeon.
             The game lasted 00:08:32 (2956 turns).

gorblad the Nimble (Spriggan Assassin)              Turns: 2956, Time: 00:08:32

Health: -2/25      AC:  5    Str:  7    XL:     5   Next: 76%
Magic:  6/6        EV: 24    Int: 13    God:    Dithmenos [*.....]
Gold:   157        SH:  0    Dex: 18    Spells: 0 memorised, 4 levels left

rFire  . . .     SeeInvis +     a - +2 dagger
rCold  . . .     Clarity  .     c - +0 robe
rNeg   . . .     SustAt   .     (shield restricted)
rPois  .         Gourm    .     (helmet restricted)
rElec  .         Spirit   .     h - +2 cloak
rCorr  .         Warding  .     (gloves unavailable)
rMut   .         Stasis   .     (boots unavailable)
MR     .....                    r - amulet of regeneration
Stlth  ++++......               (no ring)
                                (no ring)

@: wreathed by umbra, drained, very quick, not resistant to hostile
enchantments, stealthy
A: unfitting armour, see invisible, herbivore 3, speed 3, slow metabolism 2
a: Renounce Religion


You were on level 3 of the Dungeon.
You worshipped Dithmenos.
Dithmenos was aware of your devotion.
You were hungry.

You visited 1 branch of the dungeon, and saw 3 of its levels.

You collected 157 gold pieces.

Inventory:

Hand Weapons
 a - a +2 dagger (weapon)
 b - a +0 blowgun
Missiles
 e - 8 poisoned needles
 f - 2 curare-tipped needles
Armour
 c - a +0 robe (worn)
 d - a +0 cloak
 h - a +2 cloak (worn)
 j - a +0 buckler
Jewellery
 r - an amulet of regeneration (around neck)
Wands
 i - a wand of polymorph (8)
Scrolls
 q - 2 scrolls of remove curse
Potions
 k - 2 potions of magic {unknown}
 l - a potion of lignification {unknown}
 m - a potion of mutation {unknown}
 n - 2 potions of haste {unknown}
 o - 2 potions of resistance
 p - a potion of degeneration {unknown}
 s - a potion of cure mutation {unknown}
Comestibles
 g - 2 bread rations


   Skills:
 - Level 1.5(1.0) Fighting
 - Level 2.1(1.6) Short Blades
 - Level 2.0(1.4) Throwing
 + Level 8.4(7.8) Dodging
 - Level 5.8(5.2) Stealth


You had 4 spell levels left.
You didn't know any spells.

Dungeon Overview and Level Annotations

Branches:
Dungeon (3/15)

Altars:
Dithmenos
Elyvilon


Innate Abilities, Weirdness & Mutations

You are tiny and cannot use many weapons and most armour.
You have supernaturally acute eyesight.
You are a herbivore.
You cover ground extremely quickly.
You need consume almost no food.


Message History

The orc priest hits you with a whip of draining.
You feel drained. The orc completely misses you.
You hit the orc priest but do no damage.
The orc priest is moderately wounded.
The orc priest completely misses you. The orc misses you.
You barely miss the orc priest.
The orc priest is moderately wounded.
The orc priest misses you.
You barely miss the orc priest.
The orc priest is moderately wounded.
The orc completely misses you.
You closely miss the orc priest.
The orc priest is moderately wounded.
The orc priest misses you. The orc barely misses you.
You hit the orc priest but do no damage.
The orc priest is moderately wounded.
The orc priest invokes the aid of Beogh against you.
Something smites you!
Ouch! That really hurt!
You die...

#####.#........# #######.###.#
#.##.##.##.# #....##.###.#
#####.....#.##.######....##......
.................................
#####.##..#.##)#####....#.#.##...
....<..#..#.##.#####.÷..#.#.##.#.
#.##......#.....).......#.#.##.#.
........###.######......#.#.##.#.
...#.....##.#..o@...###.#.#.##.#.
.[.#.....#......o...# #.#.#....#.
.).#.#...##.#.###.#.# #.#.......#
...........)..†.....# #.#........
...#.#......†...#.### #.##.......
####.#...##.###.#.# #.##.......
#............#.#.#####.##.......
#.#....###.#.#..................
.#.###.####.#........†....#.####.


You could see an orc priest and an orc.

Vanquished Creatures
  A giant frog (D:3)
  Crazy Yiuf (D:3)
  Terence (D:3)
  4 adders (D:2)
  4 worms (D:2)
  3 giant geckos
  6 orcs (D:3)
  4 giant cockroaches
  11 goblins
  3 hobgoblins
  2 kobolds
  4 bats
  6 giant newts
  8 jackals
  2 quokkas (D:3)
  2 rats
62 creatures vanquished.

Notes
Turn   | Place    | Note
--------------------------------------------------------------
     0 | D:1      | gorblad the Spriggan Assassin began the quest for the Orb.
     0 | D:1      | Reached XP level 1. HP: 10/10 MP: 2/2
   883 | D:1      | Reached XP level 2. HP: 8/14 MP: 3/3
  1225 | D:2      | Reached XP level 3. HP: 18/18 MP: 4/4
  1523 | D:2      | Reached skill level 5 in Dodging
  1723 | D:2      | Reached XP level 4. HP: 22/22 MP: 5/5
  1877 | D:2      | Reached skill level 6 in Dodging
  1932 | D:2      | Found a white marble altar of Elyvilon.
  1932 | D:2      | Found a shadowy altar of Dithmenos.
  1936 | D:2      | Became a worshipper of Dithmenos the Shadowed
  2299 | D:3      | Noticed a giant frog
  2314 | D:3      | Killed a giant frog
  2314 | D:3      | Reached skill level 7 in Dodging
  2314 | D:3      | Reached XP level 5. HP: 10/25 MP: 6/6
  2513 | D:3      | Noticed Terence
  2568 | D:3      | Killed Terence
  2651 | D:3      | Reached skill level 8 in Dodging
  2867 | D:3      | Noticed Crazy Yiuf
  2885 | D:3      | Killed Crazy Yiuf
  2942 | D:3      | Reached * piety under Dithmenos
  2956 | D:3      | Killed from afar by an orc priest

Action                   |  1- 3 |  4- 6 || total
-------------------------+-------+-------++-------
Melee: Dagger            |    90 |   200 ||   290
  Use: Scroll            |     5 |     3 ||     8
       Potion            |       |     1 ||     1
 Stab: Sleeping          |    13 |     7 ||    20
